 Dungeon Crawl Stone Soup version 0.30-a0-210-g01b79a254e (webtiles) character file.

Game seed: 1260713296317648032

75 Flugkiller the Chopper (level 4, -2/33 HPs)
             Began as a Mummy Warper on Oct 4, 2022.
             Was an Initiate of Gozag.
             Slain by a gnoll
             ... wielding a +0 halberd
              (12 damage)
             ... on level 2 of the Dungeon.
             The game lasted 00:01:48 (1899 turns).

Flugkiller the Chopper (Mummy Warper)               Turns: 1899, Time: 00:01:49

Health: -2/33      AC:  4    Str: 14    XL:     4   Next: 11%
Magic:  8/8        EV: 11    Int: 14    God:    Gozag
Gold:   337        SH:  0    Dex: 11    Spells: 8/8 levels left

rFire   x . .      SeeInvis .    a - +0 hand axe
rCold   + . .      Faith    +    (no shield)
rNeg    + + +      Spirit   .    b - +0 leather armour
rPois   ∞          Reflect  .    (no helmet)
rElec   .          Harm     .    (no cloak)
rCorr   .          Rampage  .    c - +0 pair of gloves
Will    .....                    (no boots)
Stlth   +.........               (no amulet)
HPRegen 0.25/turn                (no ring)
MPRegen 0.11/turn                (no ring)

@: no status effects
A: cold resistance 1, negative energy resistance 3, torment resistance 2, heat
vulnerability 1, in touch with death 1, no potions, faith
a: Renounce Religion, Potion Petition, Call Merchant, Bribe Branch


You were on level 2 of the Dungeon.
You worshipped Gozag.
Gozag was aware of your devotion.
You visited 1 branch of the dungeon, and saw 2 of its levels.

You collected 337 gold pieces.

Inventory:

Hand Weapons
 a - a +0 hand axe (weapon)
 f - a +0 dagger of venom
   (You took it off a kobold on level 1 of the Dungeon)
Missiles
 d - 7 boomerangs of dispersal (quivered)
 g - 4 boomerangs
Armour
 b - a +0 leather armour (worn)
 c - a +0 pair of gloves (worn)
   (You found it on level 1 of the Dungeon)
Jewellery
 i - a +6 ring of strength
   (You found it on level 1 of the Dungeon)
 k - a ring of ice
   (You found it on level 1 of the Dungeon)
Scrolls
 e - a scroll of enchant armour {unknown}
 h - 2 scrolls of poison
 j - a scroll of summoning
 l - a scroll of enchant weapon {unknown}
 m - a scroll of magic mapping {unknown}
 n - a scroll of teleportation {unknown}
 z - a scroll of blinking


   Skills:
 - Level 2.0 Fighting
 + Level 3.6 Axes
 - Level 0.7 Throwing
 - Level 0.7 Armour
 - Level 1.5 Dodging
 - Level 2.6 Spellcasting
 - Level 2.4 Translocations


You had 8 spell levels left.
You didn't know any spells.
Your spell library contained the following spells:

 Spells                   Type           Power      Damage    Failure   Level
 Blink                    Tloc           16%        N/A       16%         2
 Lesser Beckoning         Tloc           16%        N/A       30%         3
 Teleport Other           Tloc           8%         N/A       30%         3
 Ensorcelled Hibernation  Hex/Ice        2%         N/A       38%         2
 Vhi's Electric Charge    Tloc/Air       10%        N/A       45%         3
 Manifold Assault         Tloc           8%         N/A       71%         4
 Anguish                  Hex/Necr       1%         N/A       95%         4
 Spider Form              Tmut/Pois      Unusable   N/A       N/A         3

Dungeon Overview and Level Annotations

Branches:
Dungeon (2/15) Zot: 10073

Altars:
Gozag

Shops:
D:1 [   D:2 :


Innate Abilities, Weirdness & Mutations

You are immune to poison.
Your flesh is cold resistant. (rC+)
You are immune to negative energy. (rN+++)
You are immune to unholy pain and torment.
You are vulnerable to heat. (rF-)
You are in touch with the powers of death.
You do not drink.
You have a special connection with the divine. (Faith)


Message History

The gnoll is severely wounded.
The gnoll closely misses you.
You hit the gnoll.
You kill the gnoll!
No target in view!
You now have 281 gold pieces (gained 14).
You see here a +0 club.
You start resting.
HP restored.
There is a stone staircase leading down here.
You climb downwards.
There is a stone staircase leading up here.
Found 4 gold pieces.
You now have 285 gold pieces (gained 4).
A gnoll is nearby!
The gnoll hits you from afar with a +0 spear.
The gnoll hits you with a +0 spear.
You hit the gnoll but do no damage. The gnoll barely misses you.
You hit the gnoll but do no damage. The gnoll hits you with a +0 spear.
You hit the gnoll.
The gnoll is heavily wounded.
The gnoll hits you but does no damage.
You barely miss the gnoll.
The gnoll is heavily wounded.
The gnoll barely misses you.
You hit the gnoll.
You kill the gnoll!
You have reached level 4!
You now have 290 gold pieces (gained 5).
You see here a +0 spear.
You start resting.
HP restored.
You now have 302 gold pieces (gained 12).
You now have 308 gold pieces (gained 6).
n - a scroll labelled LITHAU PEUDY You now have 325 gold pieces (gained 17).
There is a stone staircase leading up here.
A kobold comes into view. It is wielding a +0 short sword.
The kobold shouts!
A kobold is nearby!
The kobold throws a stone.
The stone hits you but does no damage.
You completely miss the kobold. The kobold closely misses you.
You barely miss the kobold. The kobold hits you but does no damage.
You hit the kobold but do no damage. The kobold completely misses you.
You hit the kobold.
You kill the kobold!
No target in view!
No target in view!
No target in view!
You now have 332 gold pieces (gained 7).
Things that are here:
a +0 short sword; a stone You see here a bubbling cyan potion.
An endoplasm is nearby!
An endoplasm is nearby!
An endoplasm is nearby!
The endoplasm quivers.
You hit the endoplasm but do no damage. The endoplasm hits you.
You hit the endoplasm.
You kill the endoplasm!
No target in view!
No target in view!
You now have 337 gold pieces (gained 5).
Found a stone staircase leading down.
There is a stone staircase leading down here.
Found a pink potion.
You see here a pink potion.
You open the door.
The gnoll shouts!
There is an open door here.
A gnoll is nearby!
A gnoll is nearby!
The gnoll hits you with a +0 halberd!
You barely miss the gnoll. The gnoll closely misses you.
The gnoll barely misses you.
You closely miss the gnoll. The gnoll barely misses you.
You hit the gnoll.
The gnoll is moderately wounded.
The gnoll misses you.
You hit the gnoll.
The gnoll is heavily wounded.
The gnoll hits you with a +0 halberd.
You hit the gnoll but do no damage.
The gnoll is heavily wounded.
The gnoll hits you with a +0 halberd!
You barely miss the gnoll.
The gnoll is heavily wounded.
The gnoll closely misses you.
You closely miss the gnoll.
The gnoll is heavily wounded.
The gnoll completely misses you.
You hit the gnoll but do no damage.
The gnoll is heavily wounded.
The gnoll hits you with a +0 halberd.
You hit the gnoll.
The gnoll is severely wounded.
The gnoll barely misses you. The gnoll hits you with a +0 halberd.
The gnoll attacks as you move away! The gnoll hits you with a +0 halberd!
You die...
Your body crumbles into a pile of gold.

.....<.# #.# ##!##..### #.#
#.##....#####.#############
#.###.#...................#
#.# #.#####.......#######.#
#.###.......##'##.# ##.##
#.........^.#...#.# ##...##
###########.#.8.#.##
##.....##
#..#..@#..###.......###
#..##g##..##...........
#.........###.......###
##.(....#............!..
............#.######...#####
#######.....#.# ##.##.g..
#.....#<# ####.### #
#########.#.###.# #.# #
#.........).....# #.#


You could see a gnoll.

Vanquished Creatures
  2 gnolls
  2 adders (D:2)
  A dart slug (D:1)
  4 bats (D:1)
  2 endoplasms
  2 giant cockroaches
  3 goblins
  3 hobgoblins
  4 ball pythons
  2 frilled lizards
  6 kobolds
  6 rats
37 creatures vanquished.

Notes
Turn   | Place    | Note
-------+----------+-------------------------------------------
     0 | D:1      | Flugkiller the Mummy Warper began the quest for the Orb.
     0 | D:1      | Reached XP level 1. HP: 16/16 MP: 4/4
    74 | D:1      | Found a faded altar of an unknown god.
    75 | D:1      | Noticed a great orb of eyes
    78 | D:1      | Noticed a great orb of eyes
    78 | D:1      | Noticed a golden eye
    78 | D:1      | Noticed a shining eye
    84 | D:1      | Prayed at the altar of an unknown god.
    84 | D:1      | Became a worshipper of Gozag Ym Sagoz the Greedy
   105 | D:1      | Reached skill level 2 in Axes
   206 | D:1      | Reached XP level 2. HP: 22/22 MP: 5/5
   263 | D:1      | Found Ariucw's Antique Armour Boutique.
  1029 | D:2      | Found Siryzouf's Book Emporium.
  1205 | D:2      | Gained mutation: You are in touch with the powers of death.
                  | [Mummy growth]
  1205 | D:2      | Reached XP level 3. HP: 27/27 MP: 7/7
  1226 | D:2      | Reached skill level 3 in Axes
  1555 | D:2      | Reached XP level 4. HP: 23/33 MP: 8/8
  1899 | D:2      | Slain by a gnoll

Illustrated notes

Levels and vault maps discovered:
D:1:      wander_arrival_fairy_ring, layout_basic, serial_shops,
          nicolae_shop_statue_plus, hellmonk_ecumenical_altar_watching_god
D:2:      layout_loops_ring, serial_shops, nicolae_shop_crystal,
          minmay_misc_feat_room, minmay_tromino_v4_b

Skill      XL: |  1  2  3 |
---------------+----------+-----
Axes           | 2 3 |  3.6
Fighting       | |  2.0
Throwing       | |  0.7
Armour         | |  0.7
Dodging        | |  1.5
Spellcasting   | |  2.6
Translocations | |  2.4

Action                   |  1- 3 |  4- 6 || total
-------------------------+-------+-------++-------
Melee: Hand axe          |   139 |    15 ||   154
       Punch             |     3 |       ||     3
  Use: Scroll            |     2 |       ||     2
Armor: Leather armour    |    50 |     2 ||    52
Dodge: Dodged            |    92 |     9 ||   101

Table legend: (Time is in decaauts)
 A = Elapsed time spent in this place.
 B = Non-inter-level travel time spent in this place.
 C = Inter-level travel time spent in this place.
 D = Time resting spent in this place.
 E = Time spent auto-exploring this place.
 F = Levels seen in this place.
 G = Mean time per level.
                   A        B        C        D        E       F      G
               +--------+--------+--------+--------+--------+-----+--------+
         Total |   1926 |   1874 |     52 |    108 |   1252 |   2 |  963.0 |
       Dungeon |   1926 |   1874 |     52 |    108 |   1252 |   2 |  963.0 |
               +--------+--------+--------+--------+--------+-----+--------+

Top non-repeatable levels by time:
     D:1: 1074 daAuts
     D:2: 851 daAuts
